 Dungeon Crawl Stone Soup version 0.29.1-15-g9cfb28693d (webtiles) character file.

Game seed: 14309110268262098960

338 comborobin the Trooper (level 6, 0/61 HPs)
             Began as a Draconian Delver on Dec 28, 2023.
             Succumbed to a scorpion's poison
             ... on level 5 of the Dungeon.
             The game lasted 00:03:35 (2150 turns).

comborobin the Trooper (Draconian Delver)           Turns: 2150, Time: 00:03:35

Health: 0/61       AC:  7    Str: 13 (14) XL:     6   Next: 29%
Magic:  6/6        EV: 12    Int: 12      God:
Gold:   107        SH:  0    Dex: 11 (13) Spells: 5/5 levels left

rFire   + . .      SeeInvis .     - Unarmed
rCold   + . .      Faith    .   (no shield)
rNeg    . . .      Spirit   .   (body armour unavailable)
rPois   +          Reflect  .   (helmet restricted)
rElec   +          Harm     .   g - +0 cloak
rCorr   +          Rampage  .   (no gloves)
Will    +....      Clarity  +   (no boots)
Stlth   ++........ Rnd*Tele +   (no amulet)
HPRegen 0.20/turn               (no ring)
MPRegen 0.10/turn               (no ring)

@: lethally poisoned (0 -> -10), resistant
A: AC +6, unfitting armour, cold-blooded, clarity, strong-willed 1, teleportitis
1
a: no special abilities


You were on level 5 of the Dungeon.
You visited 1 branch of the dungeon, and saw 4 of its levels.
You also visited: Sewer.

You collected 107 gold pieces.

Inventory:

Armour
 g - a +0 cloak (worn)
Jewellery
 c - a ring of fire
Wands
 e - a wand of digging (3)
Scrolls
 a - 2 scrolls of fog
 h - a scroll of enchant armour {unknown}
 i - 2 scrolls of teleportation {unknown}
 j - a scroll of identify {unknown}
 n - a scroll of vulnerability {unknown}
 o - a scroll of brand weapon {unknown}
 p - 4 scrolls of noise {unknown}


   Skills:
 + Level 7.8 Fighting
 - Level 1.7 Dodging
 - Level 4.5 Stealth
 - Level 2.0 Unarmed Combat


You had 5 spell levels left.
You didn't know any spells.
Your spell library contained the following spells:

 Spells                   Type           Power      Damage    Failure   Level
 Ignite Poison            Fire/Tmut/Pois 0%         N/A       69%         3
 Mephitic Cloud           Conj/Pois/Air  0%         N/A       69%         3
 Freezing Cloud           Conj/Ice/Air   0%         6-21      100%        5


Dungeon Overview and Level Annotations

Branches:
Dungeon (6/15)              Sewer (visited)
 Temple: D:4-7

Altars:
Xom

Annotations:
D:4 exclusion: jelly
D:5 exclusion: ogre


Innate Abilities, Weirdness & Mutations

Your plain brown scales are hard. (AC +6)
You cannot fit into any form of body armour.
You are cold-blooded and may be slowed by cold attacks.
You possess an exceptional clarity of mind.
You are strong-willed. (Will+)
You are occasionally teleported next to monsters.


Message History

You hit the scorpion.
The scorpion is almost dead.
The scorpion stings you but does no damage.
You barely miss the scorpion.
The scorpion is almost dead.
The scorpion stings you but does no damage.
You closely miss the scorpion. Your punch misses the scorpion.
The scorpion is almost dead.
The scorpion stings you but does no damage.
You hit the scorpion but do no damage.
You tail-slap the scorpion, but do no damage.
The scorpion is almost dead.
The scorpion misses you.
You closely miss the scorpion.
You tail-slap the scorpion, but do no damage.
The scorpion is almost dead.
The scorpion stings you.
* * * LOW HITPOINT WARNING * * *
The scorpion stings you but does no damage.
You barely miss the scorpion.
Your tail-slap misses the scorpion.
The scorpion is almost dead.
The scorpion closely misses you.
You barely miss the scorpion.
The scorpion is almost dead.
The scorpion stings you.
* * * LOW HITPOINT WARNING * * *
You hit the scorpion but do no damage.
The scorpion is almost dead.
The scorpion stings you.
* * * LOW HITPOINT WARNING * * *
You are lethally poisoned!
The scorpion poisons you!
You hit the scorpion but do no damage.
The scorpion is almost dead.
* * * LOW HITPOINT WARNING * * *
You feel very sick. The scorpion barely misses you.
You hit the scorpion but do no damage.
The scorpion is almost dead.
You die...

#.......###...######.........#
#.............#.....###......#
#.......##....#.....# #......#
#(......##....#.....# #......###
#.......##....#.....# #.........
#.......#####.#.....# #.........
#.......####........# ####.###+#
#.......#......s....# #.#....
##........#####@....######.#....
# #........#...#.........O..+##'#
###........###.#..#########.#.h#.
..#<.......#.............##.#..#'
#.##'#####.#.###..#.####.##.#..#.
#.##.# #.#.#.)>.#.# #.##.'..'.
#.##.# #.#'#.#....####.##.#..#.
#.##.# #.....##......#.##.#..#'
#.##.#####.................##..#.


You could see a scorpion.

Vanquished Creatures
  A water moccasin (Sewer)
  An ogre (D:5)
  A hound (D:6)
  A jelly (D:6)
  An iguana (D:5)
  3 adders
  A worm (D:4)
  7 orcs
  2 ball pythons (D:4)
  A goblin (D:4)
  A hobgoblin (D:4)
  2 jackals (D:3)
  5 bats (Sewer)
  A rat (D:4)
28 creatures vanquished.

Notes
Turn   | Place    | Note
-------+----------+-------------------------------------------
     0 | D:5      | comborobin the Draconian Delver began the quest for the
                  | Orb.
     0 | D:5      | Reached XP level 1. HP: 19/19 MP: 1/1
    36 | D:5      | Found a shimmering altar of Xom.
    55 | D:5      | Noticed an ogre
   172 | D:5      | Reached skill level 4 in Fighting
   172 | D:5      | Reached XP level 2. HP: 27/27 MP: 2/2
   588 | D:4      | Found a glowing drain.
   609 | Sewer    | Entered a sewer
   847 | Sewer    | Noticed a water moccasin
   861 | Sewer    | Killed a water moccasin
   862 | Sewer    | Reached skill level 6 in Fighting
   862 | Sewer    | Reached XP level 3. HP: 37/37 MP: 3/3
   862 | Sewer    | Reached XP level 4. HP: 44/44 MP: 4/4
  1229 | D:4      | Reached XP level 5. HP: 49/51 MP: 5/5
  1421 | D:5      | Noticed an ogre
  1807 | D:5      | Noticed an ogre
  1861 | D:5      | Gained mutation: You are strong-willed. (Will+) [potion of
                  | mutation]
  1861 | D:5      | Gained mutation: You are occasionally teleported next to
                  | monsters. [potion of mutation]
  1861 | D:5      | Gained mutation: You possess an exceptional clarity of
                  | mind. [potion of mutation]
  1884 | D:6      | Reached skill level 7 in Fighting
  2084 | D:5      | Killed an ogre
  2085 | D:5      | Reached XP level 6. HP: 50/61 MP: 6/6
  2149 | D:5      | HP: 3/61 [poisoned by a scorpion]
  2150 | D:5      | Succumbed to a scorpion's poison

Illustrated notes

Levels and vault maps discovered:
D:3:      layout_loops_cross, mainiacjoe_overflow_swirl,
          mainiacjoe_overflow_cross_hatched, minmay_strange_pillars,
          uniq_sigmund
D:4:      layout_basic, cheibrodos_sewer_entry_bend, kennysheep_generic_room_3
D:5:      layout_basic, mainiacjoe_overflow_24_doors
D:6:      layout_loops_cross

Skill      XL: |  1  2  3  4  5 |
---------------+----------------+-----
Fighting       | 4 6 7 |  7.8
Dodging        | |  1.7
Stealth        | |  4.5
Unarmed Combat | |  2.0

Action                   |  1- 3 |  4- 6 || total
-------------------------+-------+-------++-------
Melee: Unarmed           |    70 |   175 ||   245
       Tailslap          |    10 |    29 ||    39
       Punch             |       |     4 ||     4
  Use: Potion            |     1 |     8 ||     9
       Scroll            |     1 |     1 ||     2
 Stab: Sleeping          |     2 |     1 ||     3
Armor: Skin              |    25 |    65 ||    90
Dodge: Dodged            |    54 |   122 ||   176
